 Dungeon Crawl Stone Soup version 0.17-a0-1262-gd250d98 (webtiles) character file.

180 Baka the Chopper (level 5, 0/47 HPs)
             Began as a Hill Orc Fighter on June 6, 2015.
             Slain by an iguana (4 damage)
             ... on level 4 of the Dungeon.
             The game lasted 00:03:30 (2939 turns).

Baka the Chopper (Hill Orc Fighter)                 Turns: 2939, Time: 00:03:31

Health: 0/47       AC:  7    Str: 19    XL:     5   Next: 60%
Magic:  5/5        EV:  7    Int:  8    God:
Gold:   147        SH:  9    Dex: 11    Spells: 0 memorised, 4 levels left

rFire  . . .     SeeInvis .     a - +0 war axe
rCold  . . .     Clarity  .     b - +0 scale mail
rNeg   . . .     SustAt   .     c - +0 shield
rPois  .         Gourm    .     (no helmet)
rElec  .         Spirit   .     (no cloak)
rCorr  .         Warding  .     (no gloves)
rMut   .         Stasis   .     (no boots)
MR     .....                    (no amulet)
Stlth  ..........               q - ring of wizardry
                                i - ring of flight

@: not resistant to hostile enchantments, extremely unstealthy
A: no striking features
a: Evoke Flight


You were on level 4 of the Dungeon.
You were not hungry.

You visited 1 branch of the dungeon, and saw 4 of its levels.

You collected 147 gold pieces.

Inventory:

Hand weapons
 a - a +0 war axe (weapon)
Armour
 b - a +0 scale mail (worn)
 c - a +0 shield (worn)
Jewellery
 i - a ring of flight (left hand)
 q - a ring of wizardry (right hand)
Scrolls
 f - 4 scrolls of identify {unknown}
 j - 2 scrolls of recharging {unknown}
 k - 2 scrolls of blinking {unknown}
 l - 2 scrolls of enchant armour {unknown}
 m - 2 scrolls of magic mapping {unknown}
 o - a scroll of teleportation {unknown}
 v - a scroll of fog {unknown}
Potions
 d - a potion of might
 h - a potion of heal wounds {unknown}
 n - 2 potions of poison {unknown}
 p - 3 potions of curing {unknown}
 s - a potion of brilliance {unknown}
Books
 t - a book of Hinderance

   Spells                             Type                      Level
   a - Confusing Touch                Hexes                        2
   b - Confuse                        Hexes                        3
   c - Gell's Gravitas                Hexes/Translocation          3
   d - Petrify                        Transmutation/Earth          4
   e - Metabolic Englaciation         Hexes/Ice                    5
Comestibles
 e - 2 bread rations
 g - 2 meat rations
 r - 4 fruits
 u - a royal jelly


   Skills:
 + Level 4.4 Fighting
 * Level 4.8 Axes
 * Level 4.8 Armour
 + Level 1.2 Dodging
 - Level 3.2 Shields


You had 4 spell levels left.
You didn't know any spells.

Dungeon Overview and Level Annotations

Branches:
Dungeon (4/15)
 Temple: D:4-7

Altars:
Dithmenos
Nemelex Xobeh
Ru


Message History

You are too injured to fight recklessly!
You are too injured to fight recklessly!
You are too injured to fight recklessly!
You are too injured to fight recklessly!
You are too injured to fight recklessly!
You are too injured to fight recklessly!
You are too injured to fight recklessly!
You are too injured to fight recklessly!
You are too injured to fight recklessly!
You are too injured to fight recklessly!
You are too injured to fight recklessly!
You are too injured to fight recklessly!
You completely miss the iguana.
The iguana is heavily wounded.
The iguana bites you!
* * * LOW HITPOINT WARNING * * *
Your shield and scale mail prevent you from hitting the iguana.
The iguana is heavily wounded.
The iguana bites you.
You die...

............#........#.#.....#...
.......... +........#.+.....+...
.......... #........'.#.....#...
.......... ####.##+##'#.....#.##
....#+####+#####.##.##.###...#'##
.(..+ .........#...>...#...#...
....# .........+.......'...'...
....### ##.#####.#####+###)..#.##
#+#...# #@# #.........#.# ..#...#
+l..#.........#.. ..#...+
#...+.........#..# ..'...#
#...#.........+..# ###...#+###
###+#.........##+# ...........
..##+##.... ........... .. #.....
........... ...........


You could see an iguana.

Vanquished Creatures
  A worker ant (D:2)
  6 adders
  2 oozes (D:1)
  An adder skeleton (D:4)
  A giant gecko (D:3)
  4 orcs
  12 bats
  3 giant cockroaches
  17 goblins
  10 hobgoblins
  9 kobolds
  3 quokkas
  5 giant newts
  7 jackals
  10 rats
91 creatures vanquished.

Notes
Turn   | Place    | Note
--------------------------------------------------------------
     0 | D:1      | Baka the Hill Orc Fighter began the quest for the Orb.
     0 | D:1      | Reached XP level 1. HP: 19/19 MP: 1/1
   274 | D:1      | Reached XP level 2. HP: 26/26 MP: 2/2
   469 | D:1      | Reached XP level 3. HP: 33/33 MP: 3/3
   870 | D:2      | Reached skill level 4 in Armour
  1127 | D:2      | Found a shadowy altar of Dithmenos.
  1534 | D:2      | Reached XP level 4. HP: 38/40 MP: 4/4
  1666 | D:2      | Reached skill level 1 in Dodging
  2192 | D:3      | Reached XP level 5. HP: 39/46 MP: 5/5
  2295 | D:3      | Found a sacrificial altar of Ru.
  2662 | D:4      | Found a sparkling altar of Nemelex Xobeh.
  2939 | D:4      | Slain by an iguana

Vault maps used:
D:1:      dpeg_arrival_sounds_slurp
D:2:      grunt_dithmenos_smoke_and_mirrors
D:3:      kennysheep_the_goblin_king, nicolae_ru_path_of_blood
D:4:      nemelex_spade_bored_becter

Action                   |  1- 3 |  4- 6 || total
-------------------------+-------+-------++-------
Melee: War axe           |   147 |   159 ||   306
  Eat: Fruit             |     4 |       ||     4
       Meat ration       |       |     1 ||     1
